Map: [ESL] Tropical Sacrifice

Players

Neeb - Winner!

  • Race: Protoss Protoss
  • Spawn Location: 7:00

Elazer

  • Race: Zerg Zerg
  • Spawn Location: 1:00

Event: DreamHack SC2 Masters 2022 Valencia

VOD

Have the link to the VOD?

Description

Time

  • Played on: July 1, 2022, 1:14 p.m.
  • Length: 16:33

All games in this series

Show
View Real Time Build Order
Export as new Build Order

Neeb Protoss - Winner!

Build Orders: 1 Gate Expand, Oracle Opening 

Get SALT Encoding   

  12  0:00  Probe  
  13  0:12  Probe  
  14  0:17  Pylon  
  14  0:24  Probe  
  15  0:36  Probe (Chrono Boost)  
  15  0:42  Gateway  
  16  0:46  Probe (Chrono Boost)  
  16  0:49  Assimilator  
  17  0:51  Probe (Chrono Boost)  
  18  1:03  Probe  
  19  1:15  Probe  
  20  1:26  Nexus  
  20  1:37  Cybernetics Core  
  21  1:40  Probe  
  21  1:46  Assimilator  
  21  1:52  Probe  
  22  1:55  Pylon  
  22  2:04  Probe (Chrono Boost)  
  23  2:13  Adept  
  26  2:16  Probe (Chrono Boost)  
  26  2:22  Probe (Chrono Boost)  
  27  2:24  Stargate  
  27  2:31  Pylon  
  27  2:32  Probe (Chrono Boost)  
  27  2:34  Warp Gate  
  28  2:38  Probe (Chrono Boost)  
  30  2:47  Probe x2 (Chrono Boost)  
  30  2:48  Adept  
  33  2:52  Probe (Chrono Boost)  
  33  2:56  Probe (Chrono Boost)  
  35  3:04  Probe (Chrono Boost)  
  36  3:05  Oracle (Chrono Boost)  
  36  3:12  Probe x2 (Chrono Boost)  
  41  3:18  Probe  
  41  3:19  Probe  
  42  3:23  Gateway  
  43  3:30  Probe  
  43  3:31  Pylon, Probe  
  45  3:40  Nexus  
  45  3:46  Probe, Oracle (Chrono Boost)  
  46  3:51  Pylon  
  46  3:53  Probe  
  50  3:57  Pylon  
  50  3:59  Probe  
  51  4:05  Probe  
  52  4:10  Assimilator  
  52  4:11  Probe, Assimilator  
  53  4:18  Probe  
  53  4:23  Probe, Forge  
  55  4:25  Oracle, Twilight Council  
  55  4:30  Probe  
  59  4:35  Pylon  
  59  4:36  Probe  
  60  4:42  Probe  
  61  4:46  Gateway  
  61  4:47  Gateway  
  61  4:48  Probe  
  61  4:51  Adept  
  61  4:52  Adept  
  66  4:54  Probe  
  66  4:56  Probe  
  67  5:00  Probe  
  67  5:01  Blink (Chrono Boost)  
  67  5:02  Protoss Ground Weapons Level 1 (Chrono Boost)  
  67  5:06  Probe  
  68  5:08  Probe  
  68  5:11  Stalker  
  68  5:12  Stalker, Probe  
  74  5:19  Probe  
  74  5:26  Probe  
  75  5:29  Probe  
  75  5:33  Probe  
  77  5:38  Probe  
  77  5:41  Probe  
  79  5:43  Pylon, Gateway  
  79  5:45  Probe  
  79  5:48  Gateway  
  80  5:50  Gateway  
  80  5:51  Gateway  
  80  5:54  Probe  
  81  5:57  Stalker x2  
  81  5:59  Stalker  
  87  6:08  Stalker, Pylon  
  89  6:11  Pylon  
  89  6:17  Probe  
  90  6:19  Shield Battery  
  90  6:21  Stalker  
  90  6:22  Stalker  
  94  6:35  Stalker  
  95  6:41  Stalker x3  
  95  6:42  Probe  
  95  6:45  Charge  
  102  6:48  Protoss Ground Weapons Level 2 (Chrono Boost)  
  102  6:49  Nexus  
  102  6:57  Stalker x4  
  102  6:58  Pylon  
  110  7:04  Stalker  
  112  7:09  Probe x2  
  112  7:13  Stalker x3  
  114  7:18  Probe  
  114  7:21  Probe  
  116  7:24  Gateway x2  
  116  7:27  Probe  
  114  7:33  Probe  
  114  7:34  Oracle  
  118  7:38  Probe  
  118  7:41  Probe  
  120  7:44  Zealot x2  
  120  7:45  Probe  
  120  7:46  Pylon  
  120  7:47  Pylon  
  125  8:01  Photon Cannon  
  125  8:02  Stalker x5  
  125  8:03  Shield Battery  
  135  8:09  Pylon  
  135  8:10  Zealot x3  
  141  8:21  Stalker x2  
  141  8:25  Zealot x5  
  141  8:26  Probe  
  141  8:27  Probe  
  151  8:31  Probe x2  
  152  8:38  Probe  
  153  8:47  Zealot x6  
  163  8:51  Pylon  
  163  8:52  Pylon  
  163  9:01  Robotics Facility  
  163  9:03  Gateway  
  161  9:15  Stalker x10  
  164  9:18  Probe x3  
  164  9:20  Probe  
  144  9:30  Probe  
  143  9:37  Nexus  
  142  9:40  Stalker x3, Pylon  
  142  9:44  Stalker  
  143  9:53  Protoss Ground Weapons Level 3 (Chrono Boost)  
  143  9:56  Probe  
  138  10:03  Oracle  
  138  10:06  Probe x3  
  144  10:08  Photon Cannon  
  144  10:09  Zealot x4  
  144  10:13  Probe  
  153  10:18  Probe x2  
  151  10:23  Probe  
  151  10:24  Warp Prism  
  154  10:29  Stalker x3  
  160  10:36  Probe x3  
  160  10:40  Photon Cannon, Oracle  
  162  10:47  Stalker x6  
  168  10:58  Zealot x5  
  176  11:06  Probe  
  171  11:18  Stalker x3  
  173  11:23  Probe  
  173  11:25  Probe x2  
  161  11:26  Stalker x8  
  161  11:30  Probe  
  175  11:38  Probe x2  
  177  11:47  Zealot  
  177  11:48  Zealot x2  
  177  11:49  Zealot x4  
  191  11:59  Probe x2  
  191  12:01  Probe x2  
  155  12:10  Zealot x2  
  155  12:11  Zealot x4  
  155  12:12  Zealot  
  125  12:35  Zealot x7  
  97  12:52  Probe x2  
  97  12:53  Probe (Chrono Boost)  
  97  12:57  Probe (Chrono Boost)  
  102  12:59  Templar Archives, Probe (Chrono Boost)  
  102  13:04  Probe (Chrono Boost)  
  102  13:05  Probe (Chrono Boost)  
  101  13:10  Probe (Chrono Boost)  
  101  13:11  Probe (Chrono Boost)  
  102  13:14  Probe x2 (Chrono Boost)  
  102  13:19  Stalker  
  106  13:20  Stalker x3  
  111  13:30  Probe  
  111  13:31  Stalker x2, Probe  
  111  13:33  Probe  
  111  13:34  Probe  
  117  13:36  Probe  
  117  13:41  High Templar x5  
  122  13:43  Probe  
  122  13:47  Archon x2, High Templar  
  131  13:49  Photon Cannon, Zealot  
  131  13:51  Archon, Shield Battery  
  131  13:52  Stalker  
  135  14:01  Probe x4  
  138  14:11  Probe  
  138  14:13  Probe x3  
  138  14:15  High Templar x2, Zealot x3  
  138  14:16  Zealot  
  154  14:18  Observer (Chrono Boost)  
  154  14:21  Archon  
  155  14:24  Zealot x4  
  163  14:34  Zealot  
  163  14:35  Zealot  
  163  14:36  Zealot x2  
  159  14:45  High Templar x2  
  159  14:46  Zealot x3  
  159  14:50  Pylon  
  165  14:53  Archon  
  165  14:55  Probe x2  
  165  14:56  Zealot x2  
  166  15:07  High Templar x2, Zealot x5  
  166  15:11  Archon  
  180  15:19  Zealot x4  
  166  15:36  Zealot x5  
  158  15:44  Zealot x6  
  131  15:57  Zealot x4  
  127  16:09  Stalker x7  
  141  16:19  Assimilator x2  
  141  16:20  Assimilator  
  141  16:22  High Templar x2  
  141  16:23  Zealot x2  
  141  16:24  Nexus  
  149  16:30  Photon Cannon  
Show
View Real Time Build Order
Export as new Build Order

Elazer Zerg 

Build Orders: Hatch First 

Get SALT Encoding   

  12  0:00  Drone  
  13  0:12  Overlord  
  13  0:17  Drone  
  14  0:31  Drone x2  
  16  0:49  Hatchery  
  15  0:52  Drone  
  15  0:56  Drone  
  17  0:59  Drone  
  18  1:10  Extractor  
  17  1:15  Spawning Pool  
  16  1:19  Drone  
  16  1:22  Drone  
  18  1:28  Drone  
  19  1:39  Drone  
  20  1:51  Overlord  
  20  2:01  Queen  
  20  2:02  Drone, Queen  
  20  2:03  Zergling x2  
  26  2:12  Drone  
  26  2:13  Drone  
  26  2:15  Metabolic Boost  
  28  2:22  Drone  
  29  2:23  Drone  
  30  2:33  Zergling x2  
  30  2:34  Drone  
  32  2:40  Queen  
  32  2:43  Overlord  
  34  2:44  Drone  
  35  2:57  Hatchery  
  34  3:03  Drone x2  
  34  3:05  Queen  
  36  3:11  Drone x2  
  40  3:15  Drone x2  
  41  3:22  Drone  
  41  3:25  Queen  
  44  3:27  Overlord  
  44  3:31  Overlord  
  44  3:45  Spore Crawler, Queen  
  44  3:48  Drone x5  
  50  3:52  Drone x2  
  50  3:55  Zergling x4  
  54  3:57  Zergling x2  
  55  4:05  Spore Crawler  
  55  4:06  Overlord  
  55  4:07  Drone  
  55  4:09  Drone x2  
  57  4:16  Drone x3  
  58  4:19  Drone  
  58  4:21  Drone  
  58  4:22  Drone  
  61  4:25  Drone x3  
  61  4:30  Overlord  
  64  4:34  Drone x2, Extractor  
  64  4:36  Roach Warren, Queen  
  66  4:41  Queen  
  66  4:44  Drone x3  
  71  4:48  Overlord  
  71  4:49  Drone  
  71  4:50  Extractor  
  71  4:53  Drone x3  
  71  4:55  Drone  
  71  4:56  Drone x2  
  77  5:00  Drone x3  
  80  5:08  Lair  
  80  5:10  Drone x4  
  82  5:16  Drone  
  82  5:20  Extractor x2  
  79  5:23  Evolution Chamber, Drone x2  
  79  5:27  Drone x4  
  83  5:30  Drone  
  83  5:32  Hatchery  
  83  5:34  Drone x3  
  83  5:35  Extractor  
  85  5:40  Overlord  
  85  5:43  Zergling x8  
  85  5:47  Zergling x2  
  85  5:49  Overlord x2  
  90  5:50  Zerg Missile Weapons Level 1  
  90  5:52  Evolution Chamber  
  90  5:54  Baneling Nest  
  90  5:56  Zergling x2  
  90  5:57  Zergling x2  
  90  6:02  Roach x4  
  98  6:04  Overlord  
  98  6:08  Spore Crawler, Drone  
  98  6:10  Zergling x8  
  102  6:15  Glial Reconstitution  
  102  6:18  Drone x3  
  102  6:19  Drone x2  
  107  6:25  Zerg Melee Weapons Level 1  
  107  6:30  Overlord  
  107  6:32  Ravager x2, Zergling x12  
  117  6:33  Ravager x2  
  117  6:35  Spore Crawler  
  117  6:38  Overlord  
  116  6:43  Overseer  
  116  6:46  Drone x8  
  124  6:56  Overlord  
  124  7:00  Drone  
  124  7:01  Drone x5  
  130  7:02  Overlord  
  130  7:08  Roach x3  
  135  7:12  Roach x2  
  135  7:13  Roach  
  134  7:16  Roach x3  
  134  7:21  Roach  
  141  7:24  Overlord  
  141  7:26  Drone x3  
  141  7:29  Overlord  
  140  7:31  Drone x3  
  140  7:32  Drone x2  
  140  7:33  Centrifugal Hooks  
  144  7:39  Roach x3  
  144  7:41  Ravager x2  
  144  7:42  Overlord  
  151  7:45  Hatchery  
  151  7:47  Extractor  
  151  7:49  Zerg Missile Weapons Level 2  
  149  7:53  Zergling x2  
  149  7:54  Zergling x16  
  149  7:58  Hatchery  
  157  8:00  Overlord  
  157  8:01  Roach  
  157  8:02  Roach x2  
  163  8:09  Roach  
  163  8:10  Roach x5  
  175  8:16  Roach x4  
  183  8:20  Zerg Melee Weapons Level 2  
  183  8:21  Infestation Pit  
  177  8:27  Overlord  
  177  8:30  Zergling x22  
  187  8:35  Zergling x2  
  183  8:42  Zergling x10  
  183  8:46  Baneling x6  
  183  8:48  Baneling x25  
  188  8:55  Spore Crawler  
  187  8:57  Zergling x24  
  187  9:01  Zergling x2  
  198  9:06  Zergling x10  
  181  9:22  Roach x3  
  181  9:23  Roach x9  
  195  9:28  Overlord  
  195  9:31  Drone x4  
  193  9:35  Overlord  
  193  9:36  Drone x5  
  193  9:47  Roach x3  
  193  9:49  Overlord  
  197  9:55  Hatchery  
  197  9:59  Zergling x10  
  192  10:04  Baneling x12  
  190  10:08  Zergling x10  
  190  10:11  Hatchery  
  190  10:12  Zergling x10  
  195  10:25  Zergling x2  
  195  10:26  Zergling x8  
  195  10:28  Baneling x17  
  199  10:33  Hive  
  199  10:36  Overseer  
  199  10:38  Zerg Ground Armor Level 1  
  195  10:46  Zergling x14  
  199  10:54  Zergling x10  
  179  11:11  Roach x7  
  179  11:12  Roach x3  
  179  11:16  Roach x4  
  198  11:23  Roach x4  
  197  11:26  Roach  
  197  11:32  Overlord  
  196  11:33  Baneling  
  196  11:34  Baneling x18  
  196  11:45  Zergling x8  
  199  11:58  Roach x4  
  178  12:04  Roach x14  
  182  12:09  Zergling x10  
  182  12:11  Ravager  
  177  12:17  Zergling x4  
  177  12:18  Ravager  
  177  12:19  Ravager x2  
  177  12:22  Ravager  
  172  12:23  Zergling x16  
  149  12:30  Queen x2  
  149  12:34  Zergling x14  
  149  12:35  Zergling x2  
  141  12:41  Roach Warren  
  114  12:48  Zergling x10  
  99  13:09  Zergling x16  
  99  13:11  Queen  
  109  13:14  Queen  
  109  13:15  Zergling x4  
  113  13:33  Overlord  
  110  13:34  Queen  
  110  13:36  Roach x7  
  126  13:42  Roach  
  126  13:43  Roach x2  
  131  14:02  Hatchery  
  130  14:05  Roach x7  
  143  14:13  Viper x3  
  150  14:20  Roach  
  150  14:21  Roach x3  
  158  14:26  Ravager x2  
  158  14:27  Ravager x4  
  161  14:45  Roach x9  
  159  15:06  Hatchery  
  157  15:10  Roach x3  
  163  15:20  Roach x3  
  150  15:41  Roach x5  
  87  16:22  Hatchery  

Tags
 
Add a new tag
Caveats
  • Supply blocks, unpowered buildings, or Contaminate may cause inaccurate times.
  • Supply counts are checked every 10 seconds.